 Dungeon Crawl Stone Soup version 0.28-a0-1616-g050a50673c (webtiles) character file.

Game seed: 9504590868267256225

2993 fragbeetle the Chiller (level 9, -13/69 HPs)
             Began as a Merfolk Ice Elementalist on Jan 22, 2022.
             Was an Initiate of Gozag.
             Mangled by a slime creature (19 damage)
             ... on level 6 of the Dungeon.
             The game lasted 00:20:01 (8233 turns).

fragbeetle the Chiller (Merfolk Ice Elementalist)   Turns: 8233, Time: 00:20:01

Health: -13/69     AC:  5    Str: 10    XL:     9   Next: 83%
Magic:  7/12       EV: 15    Int: 17    God:    Gozag
Gold:   1034       SH:  0    Dex: 14    Spells: 1/12 levels left

rFire   . . .      SeeInvis .   L - +2 short sword (freeze)
rCold   . . .      Faith    .   (no shield)
rNeg    . . .      Spirit   .   u - +2 robe
rPois   .          Reflect  .   (no helmet)
rElec   .          Harm     .   (no cloak)
rCorr   .          Rampage  .   E - +0 pair of gloves
Will    +....                   (no boots)
Stlth   +++.......              (no amulet)
HPRegen 0.21/turn               f - ring of willpower
MPRegen 0.13/turn               g - +4 ring of slaying

@: gold aura
A: (nimble swimmer 2), mertail
a: Renounce Religion, Potion Petition, Call Merchant, Bribe Branch


You were on level 6 of the Dungeon.
You worshipped Gozag.
Gozag was most pleased with you.
You visited 2 branches of the dungeon, and saw 7 of its levels.

You collected 1096 gold pieces.
You paid 62 gold pieces to Gozag.

Inventory:

Hand Weapons
 a - a +1 rapier of holy wrath
 b - a +1 dagger of venom
 z - a +3 hand crossbow
 I - a +0 spear
 L - a +2 short sword of freezing (weapon)
Missiles
 l - 16 poisoned darts (quivered)
 M - a boomerang
 N - 5 javelins
Armour
 u - a +2 robe (worn)
 x - the +3 chain mail of the Game of Life {rElec Will+}
   (You found it on level 4 of the Dungeon)

   rElec:     It insulates you from electricity.
   Will:      It increases your willpower.
 C - a +1 robe of willpower
 D - a +2 scale mail of poison resistance
 E - a +0 pair of gloves (worn)
Jewellery
 f - a ring of willpower (left hand)
 g - a +4 ring of slaying (right hand)
 h - a ring of protection from fire
 w - a ring of protection from fire
Wands
 B - a wand of iceblast (7)
Scrolls
 c - 3 scrolls of identify {unknown}
 e - a scroll of torment {unknown}
 i - a scroll of fear {unknown}
 m - a scroll of vulnerability {unknown}
 o - 5 scrolls of teleportation {unknown}
 r - 4 scrolls of enchant armour {unknown}
 y - 2 scrolls of blinking {unknown}
 A - a scroll of silence {unknown}
 F - a scroll of amnesia {unknown}
Potions
 d - a potion of heal wounds {unknown}
 j - a potion of brilliance {unknown}
 k - a potion of might {unknown}
 n - a potion of lignification {unknown}
 p - a potion of ambrosia {unknown}
 q - a potion of haste
 s - 2 potions of mutation {unknown}
 t - a potion of magic {unknown}
 v - a potion of degeneration {unknown}
 G - a potion of curing {unknown}
 H - a potion of berserk rage {unknown}
 J - 2 potions of cancellation {unknown}
Miscellaneous
 K - a piece from Xom's chessboard (15/15)


   Skills:
 + Level 5.7 Fighting
 * Level 7.3 Polearms
 + Level 7.5 Dodging
 + Level 6.7 Stealth
 + Level 2.4 Spellcasting
 - Level 7.6 Ice Magic
 * Level 4.1 Air Magic


You had one spell level left.
You knew the following spells:

 Your Spells              Type           Power      Damage    Failure   Level
a - Freeze                Ice            100%       1d11      1%          1
b - Frozen Ramparts       Ice            56%        1d7       2%          3
c - Ozocubu's Armour      Ice            28%        N/A       2%          3
d - Airstrike             Air            8%         N/A       34%         4

Your spell library contained the following spells:

 Spells                   Type           Power      Damage    Failure   Level
 Shock                    Conj/Air       36%        1d5       8%          1
 Swiftness                Air            16%        N/A       11%         3
 Scorch                   Fire           4%         2d5       28%         2
 Hailstorm                Conj/Ice       15%        3d5       36%         4
 Flame Wave               Conj/Fire      2%         2d4       88%         4
 Fulminant Prism          Conj/Hex       1%         3d6       88%         4
 Iskenderun's Mystic Bla  Conj/Tloc      2%         2d3       88%         4
 Fireball                 Conj/Fire      1%         3d3       99%         5
 Iskenderun's Battlesphe  Conj           2%         2d6       99%         5
 Lee's Rapid Deconstruct  Erth           1%         3d5*      99%         5
 Conjure Ball Lightning   Conj/Air       4%         3x3d6     100%        6
 Summon Cactus Giant      Summ           1%         N/A       100%        6
 Orb of Destruction       Conj           1%         9d5       100%        7


Dungeon Overview and Level Annotations

Branches:
Dungeon (6/15)             Temple (1/1) D:4

Altars:
Ashenzari
Cheibriados
Dithmenos
Elyvilon
Fedhas
Gozag
Hepliaklqana
Kikubaaqudgha
Makhleb
Nemelex Xobeh
Okawaru
Qazlal
Ru
Sif Muna
Trog
Uskayaw
Vehumet
Wu Jian
Xom
Yredelemnul
Zin
The Shining One

Annotations:
D:3 exclusion: phantom


Innate Abilities, Weirdness & Mutations

((You are very nimble when in or above water. (Stealth+, EV+, Speed+++)))
Your lower body shifts to a powerful aquatic tail in water.


Message History

The wall freezes the large slime creature.
The large slime creature hits you but does no damage.
You hit the large slime creature. You freeze the large slime creature.
The large slime creature is lightly wounded.
The wall freezes the large slime creature.
A large slime creature splits.
You hit the slime creature. You freeze the slime creature.
The slime creature is moderately wounded.
The wall freezes the slime creature!
The slime creature closely misses you.
The wall freezes the slime creature.
The slime creature barely misses you.
You hit the slime creature. You freeze the slime creature.
The slime creature is moderately wounded.
The wall freezes the slime creature.
The slime creature misses you.
The wall freezes the slime creature.
The slime creature hits you but does no damage.
You puncture the slime creature! You freeze the slime creature.
The slime creature is heavily wounded.
The frozen ramparts melt away.
The slime creature hits you.
The slime creature hits you but does no damage.
You puncture the slime creature! You freeze the slime creature.
The slime creature is severely wounded.
The slime creature hits you! x2
You hit the slime creature. You freeze the slime creature.
The slime creature is severely wounded.
The slime creature hits you! x2
You hit the slime creature. You freeze the slime creature.
The slime creature is almost dead.
The slime creature hits you but does no damage.
The slime creature hits you!
* * * LOW HITPOINT WARNING * * *
You puncture the slime creature! You freeze the slime creature.
You kill the slime creature!
The slime creature hits you.
* * * LOW HITPOINT WARNING * * *
Your Air Magic skill increases to level 4!
Your icy armour will break if you move.
Continue?
Your icy armour cracks and falls away as you move.
The slime creature hits you!!
You die...
Your body crumbles into a pile of gold.

...# .... ...##..# ###########
#..#..# #######.##...÷÷(#
#....####....#.#.#......# #.
##....##.....#.#.#......# #..
...(#.'......#'#.#......# #...
......'........#.#......# ....
.....))).......#.#.$..÷.# ...
......##.......#@#$.÷...# ...
......###..)...##J$.....##.. $#
......############$.....##.. #
..####.####### #########.. #
..####.....).######## #..## #
....#.....#).##.....# ... #..####
.......####.........###.###.....#
......## #..)......#...#.#..<..)
......# ####...........#......#.


You could see a slime creature.

Vanquished Creatures
  Pikel (D:4)
  2 slime creatures (D:6)
  Sigmund (D:4)
  Edmund (D:5)
  Duvessa (D:5)
  An ice beast (D:6)
  An ogre (D:5)
  A black bear (D:6)
  A necrophage (D:5)
  2 phantoms
  2 kobold brigands (D:6)
  A lemure (D:4)
  Dowan (D:4)
  A wyvern skeleton (D:4)
  A water moccasin skeleton (D:6)
  4 wights (D:6)
  2 hounds
  4 orc priests
  A centaur skeleton (D:6)
  An iguana (D:4)
  4 jellies (D:6)
  Terence (D:3)
  5 orc wizards
  Ijyb (D:5)
  11 gnolls
  A howler monkey skeleton (D:4)
  5 adders
  2 adder skeletons
  2 dart slugs
  6 orcs
  5 bats
  7 endoplasms
  5 giant cockroaches
  27 goblins
  32 hobgoblins
  12 jackals
  11 kobolds
  10 quokkas
  5 ball pythons
  6 frilled lizards
  12 rats
200 creatures vanquished.

Vanquished Creatures (others)
  9 fungi (D:6)
  9 toadstools (D:6)
18 creatures vanquished.

Grand Total: 218 creatures vanquished

Notes
Turn   | Place    | Note
-------+----------+-------------------------------------------
     0 | D:1      | fragbeetle the Merfolk Ice Elementalist began the quest for
                  | the Orb.
     0 | D:1      | Reached XP level 1. HP: 13/13 MP: 3/3
   320 | D:1      | Reached XP level 2. HP: 20/20 MP: 3/5
   978 | D:1      | Reached skill level 1 in Fighting
  1118 | D:1      | Reached XP level 3. HP: 26/26 MP: 6/6
  1357 | D:1      | Learned a level 3 spell: Frozen Ramparts
  1632 | D:2      | Reached skill level 5 in Ice Magic
  1796 | D:2      | Reached XP level 4. HP: 32/32 MP: 4/7
  1802 | D:2      | Learned a level 3 spell: Ozocubu's Armour
  2484 | D:3      | Noticed Terence
  2590 | D:3      | Killed Terence
  2591 | D:3      | Reached XP level 5. HP: 38/38 MP: 1/8
  3139 | D:3      | Found a faded altar of an unknown god.
  3212 | D:3      | Noticed a phantom
  3485 | D:4      | Noticed Pikel
  3486 | D:4      | Noticed a lemure
  3487 | D:4      | Noticed a lemure
  3487 | D:4      | Noticed a lemure
  3487 | D:4      | Noticed a lemure
  3495 | D:4      | Killed a lemure
  3498 | D:4      | HP: 1/38 [Pikel (3)]
  3499 | D:4      | Killed Pikel
  3500 | D:4      | Reached skill level 5 in Dodging
  3500 | D:4      | Reached XP level 6. HP: 2/47 MP: 3/9
  3500 | D:4      | Reached XP level 7. HP: 2/52 MP: 3/10
  3991 | D:4      | Noticed Sigmund
  4039 | D:4      | Killed Sigmund
  4040 | D:4      | Reached skill level 5 in Stealth
  4099 | D:4      | Found a staircase to the Ecumenical Temple.
  4111 | Temple   | Entered the Ecumenical Temple
  4349 | Temple   | Became a worshipper of Gozag Ym Sagoz the Greedy
  4402 | D:4      | Identified the +3 chain mail of the Game of Life {rElec
                  | Will+}
  4435 | D:4      | Reached XP level 8. HP: 43/60 MP: 4/11
  4597 | D:4      | Learned a level 4 spell: Airstrike
  4901 | D:5      | Entered Level 5 of the Dungeon
  4902 | D:5      | Noticed Duvessa
  4904 | D:5      | Noticed Dowan
  4911 | D:5      | Noticed Ijyb
  4917 | D:5      | Killed Duvessa
  4918 | D:5      | Reached skill level 1 in Polearms
  4928 | D:4      | Killed Dowan
  4929 | D:4      | Reached skill level 1 in Air Magic
  5267 | D:5      | Killed Ijyb
  5485 | D:5      | Noticed Edmund
  5497 | D:5      | Killed Edmund
  6056 | D:5      | Reached XP level 9. HP: 65/67 MP: 12/12
  6410 | D:5      | Reached skill level 5 in Fighting
  6411 | D:5      | Reached skill level 5 in Polearms
  6899 | D:6      | Found a shimmering altar of Xom.
  8233 | D:6      | Mangled by a slime creature

Illustrated notes

Levels and vault maps discovered:
D:1:      dpeg_arrival_short_road, layout_basic, minmay_pentomino_z2
D:2:      layout_loops_cross, grunt_decor_clamped
D:3:      layout_basic, ebering_ecumenical_altar_mist, st_stairs_7,
          kennysheep_minor_cross, uniq_terence
D:4:      layout_rooms, minmay_temple_entry_grid,
          hangedman_abyss_or_decor_stagger, uniq_pikel, uniq_sigmund
D:5:      minmay_goblin_kobold_castle, layout_rooms, roderic_serpentine_path,
          uniq_edmund, uniq_duvessa, uniq_ijyb
D:6:      cheibrodos_fertilizer, layout_cave_pools, xom_butterflies
Temple:   mainiacjoe_temple_hex_bubbles

Skill      XL: |  1  2  3  4  5  6  7  8  9 |
---------------+----------------------------+-----
Dodging        | 3 5 6 7 |  7.5
Fighting       | 1 2 3 4 5 |  5.7
Ice Magic      | 5 6 7 |  7.6
Stealth        | 3 4 5 6 |  6.7
Polearms       | 4 7 |  7.3
Air Magic      | 2 4 |  4.1
Spellcasting   | |  2.4

Action                   |  1- 3 |  4- 6 |  7- 9 || total
-------------------------+-------+-------+-------++-------
Melee: Club              |    17 |       |       ||    17
       Punch             |     1 |       |    11 ||    12
       Unarmed           |     1 |       |       ||     1
       Dagger            |    56 |    48 |   227 ||   331
       Short sword       |       |       |    41 ||    41
       Rapier            |       |       |    25 ||    25
Throw: Dart              |       |     7 |    15 ||    22
 Cast: Freeze            |    20 |       |       ||    20
       Frozen Ramparts   |       |     2 |    22 ||    24
       Ozocubu's Armour  |       |     1 |    19 ||    20
  Use: Potion            |       |       |     1 ||     1
 Stab: Sleeping          |     7 |     9 |     9 ||    25
       Distracted        |       |     1 |     2 ||     3
Armor: Robe              |    11 |     5 |    62 ||    78
Dodge: Dodged            |    49 |    16 |   195 ||   260

Table legend: (Time is in decaauts)
 A = Elapsed time spent in this place.
 B = Non-inter-level travel time spent in this place.
 C = Inter-level travel time spent in this place.
 D = Time resting spent in this place.
 E = Time spent auto-exploring this place.
 F = Levels seen in this place.
 G = Mean time per level.
                   A        B        C        D        E       F      G
               +--------+--------+--------+--------+--------+-----+--------+
         Total |   8168 |   7999 |    169 |   2928 |   3076 |   7 | 1166.9 |
       Dungeon |   7920 |   7751 |    169 |   2928 |   2846 |   6 | 1320.0 |
        Temple |    248 |    248 |      0 |      0 |    230 |   1 |  248.0 |
               +--------+--------+--------+--------+--------+-----+--------+

Top non-repeatable levels by time:
     D:6: 1517 daAuts
     D:3: 1472 daAuts
     D:1: 1461 daAuts
     D:5: 1428 daAuts
     D:2: 1040 daAuts
     D:4: 999 daAuts
  Temple: 248 daAuts
